 Dungeon Crawl Stone Soup version 0.30-a0-919-g9323dee000 (webtiles) character file.

Game seed: 4899706383134736611

1337 Ijustatesigmund the Magician (level 8, -10/45 HPs)
             Began as a Deep Elf Fire Elementalist on Mar 21, 2023.
             Mangled by a yak (11 damage)
             ... on level 6 of the Dungeon.
             The game lasted 00:11:25 (6372 turns).

Ijustatesigmund the Magician (DEFE)                 Turns: 6372, Time: 00:11:26

Health: -10/45     AC:  4    Str:  5    XL:     8   Next: 35%
Magic:  18/29      EV: 12    Int: 23    God:
Gold:   319        SH:  0    Dex: 15    Spells: 13/20 levels left

rFire   . . .      SeeInvis .    t - +1 sling
rCold   . . .      Faith    .    (no shield)
rNeg    . . .      Spirit   .    a - +0 robe
rPois   .          Reflect  .    (no helmet)
rElec   .          Rampage  .    f - +1 cloak
rCorr   .                        (no gloves)
Will    .....                    (no boots)
Stlth   ++                       (no amulet)
HPRegen 0.27/turn                g - ring of magical power
MPRegen 0.21/turn                (no ring)

@: no status effects
A: no striking features
a: no special abilities


You were on level 6 of the Dungeon.
You visited 1 branch of the dungeon, and saw 6 of its levels.

You collected 319 gold pieces.

Inventory:

Hand Weapons
 e - a +0 falchion of protection
 t - a +1 sling (weapon)
Missiles
 p - a throwing net
 s - 6 curare-tipped darts
Armour
 a - a +0 robe (worn)
 f - a +1 cloak (worn)
Jewellery
 g - a ring of magical power (left hand)
Wands
 o - a wand of flame (20)
 v - a wand of charming (4)
Scrolls
 d - 4 scrolls of teleportation
Potions
 b - a potion of magic
 h - 2 potions of haste
 i - 4 potions of attraction
 j - a potion of heal wounds
 k - a potion of flight
 l - a potion of brilliance
 m - 2 potions of lignification
 n - a potion of berserk rage
 q - 2 potions of curing
 r - 2 potions of resistance {unknown}
 x - 3 potions of might {unknown}
 z - 2 potions of mutation {unknown}


   Skills:
 - Level 2.6 Fighting
 - Level 4.0 Ranged Weapons
 - Level 2.4 Dodging
 - Level 2.4 Stealth
 + Level 6.9 Spellcasting
 + Level 5.2 Conjurations
 + Level 6.2 Fire Magic
 - Level 3.3 Evocations


You had 13 spell levels left.
You knew the following spells:

 Your Spells              Type           Power      Damage    Failure   Level
a - Foxfire               Conj/Fire      100%       2x1d9     1%          1
b - Scorch                Fire           72%        2d8       1%          2
c - Flame Wave            Conj/Fire      34%        2d10      8%          4

Your spell library contained the following spells:

 Spells                   Type           Power      Damage    Failure   Level
 Inner Flame              Hex/Fire       22%        N/A       6%          3
 Kindle Blastsparks       Fire/Tloc/Air  34%        2d12      10%         3
 Cigotuvi's Dreadful Rot  Necr/Pois/Air  14%        N/A       12%         2
 Dispel Undead            Necr           7%         3d8       61%         4
 Alistair's Intoxication  Tmut/Pois      4%         N/A       91%         5
 Borgnjor's Vile Clutch   Necr/Erth      3%         N/A       91%         5
 Death Channel            Necr           3%         N/A       100%        6
 Eringya's Noxious Bog    Tmut/Pois      3%         N/A       100%        6
 Summon Cactus Giant      Summ           3%         N/A       100%        6


Dungeon Overview and Level Annotations

Branches:
Dungeon (6/15)
 Temple: D:4-7

Altars:

Shops:
D:1 [


Message History

Confirm with . or Enter, or press ? or * to list all spells.
Flames lash the adder.
You kill the adder!
A yak comes into view.
Casting: Scorch (safe; 1% risk of failure)
Confirm with . or Enter, or press ? or * to list all spells.
Flames lash the orc.
The orc is lightly wounded.
The orc's fire resistance burns away.
Casting: Scorch (safe; 1% risk of failure)
Confirm with . or Enter, or press ? or * to list all spells.
Flames lash the orc.
The orc is burned terribly!
You kill the orc!
Casting: Scorch (safe; 1% risk of failure)
Confirm with . or Enter, or press ? or * to list all spells.
Flames lash the yak.
The yak is moderately wounded.
The yak's fire resistance burns away.
The yak gores you. The yak gores you! The yak attacks as you move away!
The yak gores you!
Casting: Scorch (safe; 1% risk of failure)
Confirm with . or Enter, or press ? or * to list all spells.
Flames lash the yak.
The yak is burned terribly!
The yak is heavily wounded.
The yak gores you. The yak gores you but does no damage.
Casting: Scorch (safe; 1% risk of failure)
Confirm with . or Enter, or press ? or * to list all spells.
Flames lash the yak.
The yak is burned terribly!
The yak is severely wounded.
The yak misses you. The yak gores you!
* * * LOW HITPOINT WARNING * * *
Casting: Scorch (safe; 1% risk of failure)
Confirm with . or Enter, or press ? or * to list all spells.
Flames lash the yak but do no damage.
The yak gores you.
* * * LOW HITPOINT WARNING * * *
The yak gores you!
You die...

### #.. .# #.# $.#
#.# ##..# #.# .....
#..####.# ......
#....<.#####......
#..####.@Y....(....
####..).....[
##........
##....... .......
....... ...#.##
.....# ...###


You could see a yak (combustible).

Vanquished Creatures
  Pikel (D:5)
  A water moccasin (D:5)
  A lemure (D:5)
  A phantom (D:5)
  3 scorpions (D:5)
  2 hounds
  An orc priest (D:2)
  A jelly (D:5)
  An iguana (D:5)
  An orc wizard (D:3)
  A gnoll (D:3)
  8 adders
  A white imp (D:5)
  2 worms (D:2)
  6 dart slugs
  8 orcs
  11 bats
  8 endoplasms
  3 giant cockroaches
  11 goblins
  5 hobgoblins
  8 kobolds
  2 quokkas
  6 ball pythons
  3 frilled lizards
  5 rats
101 creatures vanquished.

Vanquished Creatures (collateral kills)
  Grinder (D:5)
1 creature vanquished.

Vanquished Creatures (others)
  A jelly (D:5)
  182 foxfires
183 creatures vanquished.

Grand Total: 285 creatures vanquished

Notes
Turn   | Place    | Note
-------+----------+-------------------------------------------
     0 | D:1      | Ijustatesigmund the Deep Elf Fire Elementalist began the
                  | quest for the Orb.
     0 | D:1      | Reached XP level 1. HP: 10/10 MP: 6/6
   270 | D:1      | Reached XP level 2. HP: 15/15 MP: 6/8
   655 | D:1      | Learned a level 2 spell: Scorch
   862 | D:1      | Found Weduj's Antique Armour Shop.
   938 | D:1      | Reached XP level 3. HP: 19/19 MP: 10/10
  2010 | D:2      | Reached XP level 4. HP: 24/24 MP: 12/12
  2092 | D:2      | Found a faded altar of an unknown god.
  2551 | D:3      | Reached XP level 5. HP: 28/28 MP: 14/14
  3392 | D:3      | Learned a level 4 spell: Flame Wave
  3697 | D:3      | Reached skill level 5 in Spellcasting
  4641 | D:5      | Entered Level 5 of the Dungeon
  4675 | D:5      | Reached skill level 1 in Fighting
  4675 | D:5      | Reached skill level 1 in Ranged Weapons
  4675 | D:5      | Reached skill level 1 in Evocations
  4675 | D:5      | Reached XP level 6. HP: 34/34 MP: 15/15
  4845 | D:5      | Noticed Grinder
  5007 | D:5      | Killed Grinder
  5008 | D:5      | Reached XP level 7. HP: 40/40 MP: 16/16
  5800 | D:5      | Reached skill level 5 in Fire Magic
  5867 | D:5      | Noticed Pikel
  5929 | D:5      | Killed Pikel
  5930 | D:5      | Reached skill level 5 in Conjurations
  5930 | D:5      | Reached XP level 8. HP: 13/45 MP: 13/20
  6371 | D:6      | HP: 1/45 [yak (4)]
  6372 | D:6      | Mangled by a yak

Illustrated notes

Levels and vault maps discovered:
D:1:      dpeg_arrival_subterranean_lakeside_camping, layout_loops_ring,
          serial_shops, nicolae_shop_trees, minmay_octomino_e4
D:2:      layout_basic, serial_rivers, chequers_serial_rivers_micro_c,
          chequers_serial_rivers_room_a, chequers_serial_rivers_room_a,
          chequers_serial_rivers_micro_b, shapermc_ecumenical_altar_hornbeckon
D:3:      kennysheep_big_flooded_room, layout_loops_ring
D:4:      minmay_wonky_spiral, layout_loops_cross
D:5:      layout_basic, minmay_misc_feat_iff, uniq_grinder, uniq_pikel
D:6:      layout_loops_ring, minmay_circle_x

Skill      XL: |  1  2  3  4  5  6  7 |
---------------+----------------------+-----
Conjurations   | 2 3 5 |  5.2
Fire Magic     | 4 6 |  6.2
Spellcasting   | 4 5 6 |  6.9
Fighting       | 1 2 |  2.6
Ranged Weapons | 1 3 4 |  4.0
Evocations     | 1 2 3 |  3.3
Dodging        | |  2.4
Stealth        | |  2.4

Action                     |  1- 3 |  4- 6 |  7- 9 || total
---------------------------+-------+-------+-------++-------
  Melee: Short sword       |     3 |       |       ||     3
         Long sword        |       |     3 |       ||     3
   Fire: Sling             |       |    34 |    16 ||    50
   Cast: Foxfire           |    78 |    34 |     3 ||   115
         Scorch            |     9 |    28 |    32 ||    69
  Evoke: Wand              |       |     2 |     1 ||     3
    Use: Scroll            |       |    14 |     2 ||    16
         Potion            |       |     1 |     2 ||     3
 Armour: Robe              |     4 |     8 |     5 ||    17
  Dodge: Dodged            |    18 |    28 |    19 ||    65

Table legend: (Time is in decaauts)
 A = Elapsed time spent in this place.
 B = Non-inter-level travel time spent in this place.
 C = Inter-level travel time spent in this place.
 D = Time resting spent in this place.
 E = Time spent auto-exploring this place.
 F = Levels seen in this place.
 G = Mean time per level.
                   A        B        C        D        E       F      G
               +--------+--------+--------+--------+--------+-----+--------+
         Total |   6373 |   6168 |    205 |   1354 |   3899 |   6 | 1062.2 |
       Dungeon |   6373 |   6168 |    205 |   1354 |   3899 |   6 | 1062.2 |
               +--------+--------+--------+--------+--------+-----+--------+

Top non-repeatable levels by time:
     D:5: 1693 daAuts
     D:3: 1383 daAuts
     D:1: 1373 daAuts
     D:2: 1043 daAuts
     D:4: 853 daAuts
     D:6: 26 daAuts
